AoeStats
← tomwilmore

Arabia

510620960Analyzed
1v1 RM · 18h ago on Oct 1, 2026· 19m 29s· 2 players
Game mode
Random Map
Map size
Tiny (2 player)
Population
200
Speed
Normal
Resources
Standard
Victory
Conquest
Starting age
Dark Age
Ending age
Imperial Age
RankedLock teamsTeams togetherTeam positionsShared explorationLock speedFull tech treeHidden civsTurbo modeCheats
Victory
Defeat
🇫🇷 Sicilians · France
695
+14
🇬🇧 Inca · United Kingdom
649
-25
CSchauss8
11:38 Feudal Age
13:18 Wheelbarrow
12:54 Double-Bit Axe
12:52 Horse Collar
13:09 Stone Mining
13:09 Gold Mining
19:07 Forging
tomwilmore
7:22 Loom
13:45 Feudal Age
15:51 Double-Bit Axe
18:40 Fletching
19:41 Wheelbarrow
Connection lost

Rejoining the realm…

Still unreachable

The connection could not be restored.

Session expired

The server has moved on; the page needs a fresh start.